 Dungeon Crawl Stone Soup version bcrawl-1.19.1 (webtiles) character file.

Game seed: 1519545140398541920

2 paps the Caller (level 1, 0/11 HPs)
             Began as a Fairy Summoner on Dec 7, 2019.
             Succumbed to a goblin's poison
             ... on level 1 of the Dungeon.
             The game lasted 00:00:48 (240 turns).

paps the Caller (Fairy Summoner)                     Turns: 240, Time: 00:00:49

Health: 0/11       AC:  5    Str:  6    XL:     1   Next: 30%
Magic:  6/6        EV: 16    Int: 18    God:
Gold:   19         SH:  3    Dex: 12    Spells: 4/5 levels left

rFire    . . .     SeeInvis .   (weapon restricted)
rCold    . . .     Gourm    .   (shield restricted)
rNeg     . . .     Faith    .   (armour unavailable)
rPois    .         Spirit   +   (no helmet)
rElec    .         Reflect  .   (no cloak)
rCorr    .         Harm     .   (no gloves)
MR       .....                  (no boots)
Stlth    +.........             a - amulet of guardian spirit
HPRegen  0.03/turn              (no ring)
MPRegen  0.10/turn              (no ring)

@: lethally poisoned (0 -> -19), flying evasively
A: small, magic attunement, unstealthy, unfitting armour, hooves 1, yellow
scales 1, MP-powered wands, able to fly, AC/SH +3
a: Stop Flying


You were on level 1 of the Dungeon.
You were not hungry.

You visited 1 branch of the dungeon, and saw 1 of its levels.

You collected 19 gold pieces.

Inventory:

Jewellery
 a - an amulet of guardian spirit (around neck)
Scrolls
 b - a scroll of summoning
 d - a scroll of enchant weapon {unknown}
Comestibles
 c - 2 rations {!d}


   Skills:
 * Level 2.7 Dodging
 - Level 1.5 Stealth
 * Level 2.7 Spellcasting
 * Level 4.5 Summonings


You had 4 spell levels left.
You knew the following spells:

 Your Spells              Type           Power        Failure   Level  Hunger
a - Summon Small Mammal   Summ           ###.         2%          1    None

Your spell library contained the following spells:

 Spells                   Type           Power        Failure   Level  Hunger
 Call Imp                 Summ           ###...       4%          2    None
 Call Canine Familiar     Summ           ###.....     8%          3    None
 Summon Ice Beast         Ice/Summ       ##......     54%         4    None
 Summon Lightning Spire   Summ/Air       ##......     88%         5    None


Dungeon Overview and Level Annotations

Branches:
Dungeon (1/12)

Altars:


Innate Abilities, Weirdness & Mutations

Your spells do not cause hunger and MP costs are reduced by 1.
Your bright wings attract enemies. (Stealth-)
You cannot fit into any form of body armour.
Your shimmering scales are hard and can block incoming attacks. (AC +3, SH +3)
You are small and have problems with some larger weapons.
You can fly continuously.
You have large cloven feet.
You are partially covered in yellow scales. (AC +2)
You expend magic power (3 MP) to strengthen your wands.


Message History

You are too injured to fight recklessly!
You are too injured to fight recklessly!
You feel sick. The goblin hits you but does no damage.
You are more poisoned.
You feel sick. The goblin completely misses you.
It was a potion of mutation.
You feel extremely strange.
Your feet thicken and deform.
You feel your magical essence link to your wands.
Yellow scales grow over part of your body.
* * * LOW HITPOINT WARNING * * *
You feel sick. The goblin misses you.
You hit the goblin.
You kill the goblin!
* * * LOW HITPOINT WARNING * * *
You feel sick.
* * * LOW HITPOINT WARNING * * *
You feel sick. The dart slug misses you.
Things that are here:
a +0 dagger of venom; a goblin corpse You die...

#. ### #. .... #. #....
#.. ..$. #..#
########... ###
#......#.# #........#
##....@.#
#......?)######
..#.....w.....##########
#......####...........
#......# ############
#......# #......#
########


You could see a dart slug.

Vanquished Creatures
  A goblin (D:1)
1 creature vanquished.

Vanquished Creatures (collateral kills)
  A bat (D:1)
  A hobgoblin (D:1)
2 creatures vanquished.

Grand Total: 3 creatures vanquished

Notes
Turn   | Place    | Note
-------+----------+-------------------------------------------
     0 | D:1      | paps the Fairy Summoner began the quest for the Orb.
     0 | D:1      | Reached XP level 1. HP: 11/11 MP: 6/6
   237 | D:1      | Gained mutation: You have large cloven feet. [potion of
                  | mutation]
   237 | D:1      | Gained mutation: You expend magic power (3 MP) to
                  | strengthen your wands. [potion of mutation]
   237 | D:1      | Gained mutation: You are partially covered in yellow
                  | scales. (AC +2) [potion of mutation]
   240 | D:1      | Succumbed to a goblin's poison

Action                   || total
-------------------------++-------
Melee: Unarmed           ||    14
 Cast: Summon Small Mamm ||     1
  Use: Potion            ||     1
Armor: Skin              ||     2
Dodge: Dodged            ||    16
Block: Other             ||     5
